[Event "23rd Int. Tournament "]
[Site "?"]
[Date "2015.08.29"]
[Round "3.1"]
[White "Pandelidis, Ioannis"]
[Black "Kapnisis, Spyridon"]
[Result "1/2-1/2"]
[ECO "B43"]
[WhiteElo "2114"]
[BlackElo "2455"]
[PlyCount "51"]
[EventDate "2015.08.27"]
[TimeControl "120+37"]
[WhiteClock "0:00:04"]
[BlackClock "0:00:03"]

1. e4 c5 2. Nc3 e6 3. Nf3 a6 4. d4 cxd4 5. Nxd4 b5 6. g3 Bb7 7. Bg2 b4 8. Na4
Nf6 9. O-O Nxe4 10. Re1 d5 11. c4 bxc3 12. bxc3 Be7 13. Rb1 Nd6 14. c4 O-O 15.
Bf4 Ra7 16. cxd5 exd5 17. Bxd6 Bxd6 18. Nf5 Qf6 19. Nxd6 Qxd6 20. Qd4 Nc6 21.
Qc5 Qxc5 22. Nxc5 Ba8 23. Bxd5 Nd4 24. Bxa8 Rfxa8 25. Kg2 g6 26. Nb3 1/2-1/2

[Event "23rd Int. Tournament "]
[Site "?"]
[Date "2015.08.29"]
[Round "3.2"]
[White "Nikolaou, Georgios"]
[Black "Delithanasis, Dimitrios"]
[Result "1-0"]
[ECO "A50"]
[WhiteElo "2317"]
[BlackElo "2105"]
[PlyCount "54"]
[EventDate "2015.08.27"]
[TimeControl "120+15"]
[WhiteClock "0:00:05"]
[BlackClock "0:00:08"]

1. d4 Nf6 2. c4 g6 3. Nf3 Bg7 4. g3 b6 5. Bg2 Bb7 6. O-O Na6 7. Qc2 Nb4 8. Qb3
a5 9. a3 Na6 10. Nc3 Ne4 11. Nd5 e6 12. Nf4 O-O 13. Rd1 d6 14. Ne1 c5 15. d5 a4
16. Qc2 exd5 17. Nxd5 f5 18. Bxe4 fxe4 19. Qxe4 Kh8 20. Nf3 b5 21. Bg5 Qb8 22.
Be7 Rf5 23. g4 Bxd5 24. cxd5 Rxf3 25. Qxf3 Bxb2 26. Rab1 Be5 27. Bf6+ Kg8 1-0

[Event "23rd Int. Tournament "]
[Site "?"]
[Date "2015.08.29"]
[Round "3.3"]
[White "Trimitzios, Petros"]
[Black "Kotrotsos, Vasilios"]
[Result "1-0"]
[ECO "E69"]
[WhiteElo "2006"]
[BlackElo "2273"]
[PlyCount "101"]
[EventDate "2015.08.27"]
[TimeControl "120+9"]
[WhiteClock "0:00:17"]
[BlackClock "0:00:10"]

1. d4 g6 2. Nf3 Bg7 3. c4 d6 4. g3 Nd7 5. Nc3 e5 6. dxe5 dxe5 7. Bg2 Ngf6 8.
O-O O-O 9. Qc2 c6 10. e4 Re8 11. h3 Qc7 12. Be3 Nf8 13. Rfd1 Ne6 14. Rac1 Nd7
15. Qb1 a5 16. b3 Ndc5 17. Qc2 b6 18. Rd2 Bb7 19. Rcd1 Rad8 20. Ne2 Rxd2 21.
Rxd2 Rd8 22. Rxd8+ Qxd8 23. Qd2 Qc7 24. Nc3 Bc8 25. h4 f5 26. exf5 gxf5 27. Bh6
e4 28. Ne1 Be5 29. Ne2 Qf7 30. Be3 Qf6 31. Bf1 Bd7 32. Ng2 Be8 33. Ngf4 Nxf4
34. Nxf4 Bc3 35. Qd1 Nd7 36. Be2 Be5 37. Kg2 Kf8 38. Bh5 Qe7 39. Qe2 Bc7 40.
Nh3 Bg6 41. Bxg6 hxg6 42. h5 Ne5 43. hxg6 Nxg6 44. Qh5 Qf7 45. Qh6+ Qg7 46. Qh5
Qf7 47. Qh6+ Ke8 48. Ng5 Qg8 49. Nh7 Qe6 50. Bg5 Bd8 51. Nf6+ 1-0

[Event "23rd Int. Tournament "]
[Site "?"]
[Date "2015.08.29"]
[Round "3.4"]
[White "Simeonidis, Ioannis"]
[Black "Nikolaou, Spiridon"]
[Result "1/2-1/2"]
[ECO "E17"]
[WhiteElo "2266"]
[BlackElo "2096"]
[PlyCount "43"]
[EventDate "2015.08.27"]
[TimeControl "120+13"]
[WhiteClock "0:00:07"]
[BlackClock "0:00:07"]

1. d4 Nf6 2. c4 e6 3. Nf3 b6 4. Nc3 Bb7 5. g3 Ne4 6. Bd2 Be7 7. Bg2 f5 8. O-O
Bf6 9. Ne5 Nxc3 10. Bxc3 Bxg2 11. Kxg2 O-O 12. Re1 a5 13. Rc1 Na6 14. Nd3 Qe7
15. a3 Qd6 16. Nf4 Rae8 17. Qd3 c5 18. e3 cxd4 19. exd4 Bg5 20. Qf3 Rc8 21. Qb7
Nb8 22. d5 1/2-1/2

[Event "23rd Int. Tournament "]
[Site "?"]
[Date "2015.08.29"]
[Round "3.5"]
[White "Karagiannis, Athanasios"]
[Black "Vazelakis, Dimitrios"]
[Result "1-0"]
[ECO "B06"]
[WhiteElo "2232"]
[BlackElo "2004"]
[PlyCount "75"]
[EventDate "2015.08.27"]
[TimeControl "120+13"]
[WhiteClock "0:00:15"]
[BlackClock "0:00:13"]

1. d4 g6 2. e4 Bg7 3. Nc3 d6 4. Bg5 a6 5. a4 Nc6 6. d5 Nb4 7. Nf3 h6 8. Be3 c5
9. h3 Nf6 10. Bc4 O-O 11. O-O b6 12. Re1 Rb8 13. Qd2 Kh7 14. Bf4 a5 15. e5 Ne8
16. Nb5 dxe5 17. Nxe5 Bb7 18. Nd7 Qxd7 19. Bxb8 Bxb2 20. Rad1 Bg7 21. c3 Na6
22. Be5 Nd6 23. Bxg7 Kxg7 24. Nxd6 exd6 25. Rb1 Qd8 26. Qb2 Nc7 27. Qd2 Bc8 28.
Qf4 Bf5 29. Rb2 Re8 30. Rxe8 Nxe8 31. g4 Bd7 32. Bb5 Bxb5 33. Rxb5 Qe7 34. c4
Qe1+ 35. Kg2 Qa1 36. Rxb6 Qxa4 37. Rb8 Nf6 38. Qxd6 1-0

[Event "23rd Int. Tournament "]
[Site "?"]
[Date "2015.08.29"]
[Round "3.6"]
[White "Tsiros, Fragkiskos Vlasios"]
[Black "Markesinis, Eleftherios"]
[Result "1-0"]
[ECO "A04"]
[WhiteElo "2216"]
[BlackElo "1999"]
[PlyCount "95"]
[EventDate "2015.08.27"]
[TimeControl "120+14"]
[WhiteClock "0:00:13"]
[BlackClock "0:00:16"]

1. Nf3 b6 2. g3 Bb7 3. Bg2 g5 4. O-O e6 5. d4 Be7 6. c4 g4 7. Ne5 Bxg2 8. Kxg2
h5 9. d5 Bf6 10. Nd3 Qe7 11. Nd2 c6 12. e4 e5 13. b4 d6 14. Rb1 c5 15. bxc5
dxc5 16. Bb2 Qc7 17. f4 gxf3+ 18. Nxf3 Nd7 19. Qa4 O-O-O 20. Qc6 Re8 21. Nfxe5
Qxc6 22. Nxc6 Rxe4 23. Nxa7+ Kb8 24. Nc6+ Kc7 25. Bxf6 Ngxf6 26. Nde5 Re2+ 27.
Rf2 Rxf2+ 28. Kxf2 Ng4+ 29. Nxg4 hxg4 30. Kg1 Ra8 31. Rf1 f5 32. Rxf5 Rxa2 33.
Rf4 Ra1+ 34. Kf2 Ra2+ 35. Ke3 Ra3+ 36. Ke4 Ra2 37. Kf5 Rxh2 38. Rxg4 b5 39.
cxb5 Kd6 40. Rg6+ Kxd5 41. Ne7+ Kc4 42. b6 Rb2 43. Nc8 Kd5 44. Rd6+ Kc4 45.
Rxd7 Kc3 46. b7 c4 47. Nd6 Rb6 48. Rd8 1-0

[Event "23rd Int. Tournament "]
[Site "?"]
[Date "2015.08.29"]
[Round "3.8"]
[White "Stamos, Filippos"]
[Black "Zervos, Lazaros"]
[Result "0-1"]
[ECO "A50"]
[WhiteElo "2170"]
[BlackElo "1986"]
[PlyCount "69"]
[EventDate "2015.08.27"]
[TimeControl "120+27"]
[WhiteClock "0:00:00"]
[BlackClock "0:00:01"]

1. d4 Nf6 2. Nf3 g6 3. g3 b6 4. Bg2 Bb7 5. O-O Bg7 6. c4 O-O 7. d5 Na6 8. Nc3
Nc5 9. Nd4 e5 10. Nc2 a5 11. e4 d6 12. Be3 Bc8 13. h3 Nh5 14. Na3 Bd7 15. Nab5
Na6 16. a3 Qe8 17. b4 f5 18. Nxc7 Nxc7 19. Bxb6 Na6 20. Bxa5 f4 21. Kh2 Qc8 22.
Qd3 f3 23. Bxf3 Bxh3 24. Rfe1 Bg4 25. Bxg4 Qxg4 26. Qf1 Rf3 27. Ne2 Raf8 28.
Bb6 Nc5 29. Kg1 Nxe4 30. Qg2 Nexg3 31. fxg3 Nxg3 32. b5 Nxe2+ 33. Rxe2 Rg3 34.
Rc1 Bh6 35. Rcc2 0-1

[Event "23rd Int. Tournament "]
[Site "?"]
[Date "2015.08.29"]
[Round "3.9"]
[White "Salahidou, Reveka"]
[Black "Grigoriadis, Alexandros"]
[Result "0-1"]
[ECO "B95"]
[WhiteElo "1975"]
[BlackElo "2153"]
[PlyCount "68"]
[EventDate "2015.08.27"]
[TimeControl "120+23"]
[BlackClock "0:00:07"]

1. e4 c5 2. Nf3 d6 3. d4 cxd4 4. Nxd4 Nf6 5. Nc3 a6 6. Be2 e6 7. Bg5 Be7 8. Qd2
b5 9. a3 Bb7 10. f3 Nbd7 11. O-O O-O 12. Kh1 Rc8 13. Rae1 Qc7 14. Bd3 Nb6 15.
Qe2 Nc4 16. Bc1 Qb6 17. Nb3 Nd7 18. Nd1 Bf6 19. f4 Rfe8 20. Nd2 Nxd2 21. Bxd2
Nc5 22. e5 Nxd3 23. cxd3 Bh4 24. Nf2 dxe5 25. fxe5 Rc2 26. Rb1 Qd4 27. Nh3 Rd8
28. Nf4 Bg5 29. Qd1 Rxb2 30. Rxb2 Qxb2 31. Nxe6 fxe6 32. Qh5 Bf4 33. Qh4 Rf8
34. Qe7 Bc8 0-1

[Event "23rd Int. Tournament "]
[Site "?"]
[Date "2015.08.29"]
[Round "3.10"]
[White "Alexakis, Georgios"]
[Black "Poulopoulos, Ioannis"]
[Result "1/2-1/2"]
[ECO "B53"]
[WhiteElo "1907"]
[BlackElo "2133"]
[PlyCount "72"]
[EventDate "2015.08.27"]
[TimeControl "120+9"]
[WhiteClock "0:00:59"]
[BlackClock "0:00:47"]

1. e4 c5 2. Nf3 d6 3. d4 cxd4 4. Qxd4 a6 5. c4 Nc6 6. Qd1 g6 7. Nc3 Bg7 8. Be2
Nf6 9. O-O O-O 10. h3 h6 11. Be3 Be6 12. Rc1 Qa5 13. Nd4 Nxd4 14. Bxd4 Nd7 15.
b3 Rfc8 16. f4 Bxd4+ 17. Qxd4 Qc5 18. Qxc5 Rxc5 19. Bd3 f5 20. Rce1 Kf7 21.
exf5 Bxf5 22. Bxf5 gxf5 23. Re3 e6 24. Rd1 Rc6 25. Red3 Ke7 26. Re3 Re8 27. Rg3
Rf8 28. Rg7+ Rf7 29. Rg6 Rf6 30. Rg7+ Rf7 31. Rg6 Rh7 32. Re1 Nf8 33. Rg3 Kf6
34. Rge3 Rhc7 35. Ne2 Rc5 36. Nd4 Re7 1/2-1/2

[Event "23rd Int. Tournament "]
[Site "?"]
[Date "2015.08.29"]
[Round "3.11"]
[White "Pountzas, Hrisanthos"]
[Black "Gkikas, Hristos"]
[Result "1-0"]
[ECO "D30"]
[WhiteElo "2128"]
[BlackElo "1983"]
[PlyCount "51"]
[EventDate "2015.08.27"]
[TimeControl "120+22"]
[WhiteClock "0:00:22"]
[BlackClock "0:00:02"]

1. c4 e6 2. Nf3 Nf6 3. g3 d5 4. d4 c5 5. cxd5 exd5 6. Bg2 Nc6 7. O-O c4 8. b3
b5 9. a4 Na5 10. Nfd2 Bd7 11. axb5 Bxb5 12. Na3 Bxa3 13. Bxa3 cxb3 14. Bb4 Nc4
15. Qxb3 Nxd2 16. Bxd2 Bc4 17. Qa3 Nd7 18. Rfb1 Qe7 19. Bb4 Qe6 20. e4 dxe4 21.
Bxe4 Qxe4 22. Re1 Be2 23. Ra2 Qd5 24. Rexe2+ Kd8 25. Ba5+ Kc8 26. Qc3+ 1-0

[Event "23rd Int. Tournament "]
[Site "?"]
[Date "2015.08.29"]
[Round "3.12"]
[White "Papadopoulos, Georgios Nikea"]
[Black "Drakoulakos, Grigorios"]
[Result "1/2-1/2"]
[ECO "B48"]
[WhiteElo "1830"]
[BlackElo "2233"]
[PlyCount "90"]
[EventDate "2015.08.27"]
[TimeControl "120+25"]
[WhiteClock "0:00:58"]
[BlackClock "0:00:03"]

1. e4 c5 2. Nf3 e6 3. d4 cxd4 4. Nxd4 Nc6 5. Nc3 Qc7 6. Be3 a6 7. Be2 Nf6 8. a3
b5 9. Nxc6 dxc6 10. f4 Bb7 11. e5 Nd5 12. Nxd5 cxd5 13. Bd4 Rc8 14. c3 Bc5 15.
O-O O-O 16. Qd2 Bxd4+ 17. Qxd4 Qc5 18. Qxc5 Rxc5 19. Rfd1 f6 20. Bg4 f5 21. Be2
Bc6 22. Rd4 Rb8 23. Bd3 Bd7 24. Kf2 Kf7 25. Ke3 Rc7 26. Kd2 a5 27. Be2 Rcb7 28.
b4 Ra7 29. bxa5 Rxa5 30. Rb4 Rba8 31. Rab1 Rxa3 32. Bxb5 Ra2+ 33. Ke3 Bxb5 34.
Rxb5 Rxg2 35. Rb7+ Kg6 36. Re7 Ra6 37. Rbb7 Kh6 38. Rbd7 Rc6 39. Kd3 d4 40.
cxd4 Rgc2 41. d5 R6c3+ 42. Kd4 Rc4+ 43. Kd3 R4c3+ 44. Kd4 Rc4+ 45. Kd3 R4c3+
1/2-1/2

[Event "23rd Int. Tournament "]
[Site "?"]
[Date "2015.08.30"]
[Round "4.1"]
[White "Grigoriadis, Alexandros"]
[Black "Nikolaou, Georgios"]
[Result "1/2-1/2"]
[ECO "B37"]
[WhiteElo "2153"]
[BlackElo "2317"]
[PlyCount "85"]
[EventDate "2015.08.27"]
[TimeControl "120+22"]
[WhiteClock "0:00:16"]
[BlackClock "0:00:14"]

1. c4 c5 2. Nf3 g6 3. Nc3 Bg7 4. d4 cxd4 5. Nxd4 Nc6 6. Nb3 d6 7. e4 Bxc3+ 8.
bxc3 b6 9. Bg5 Qc7 10. f4 h6 11. Bh4 g5 12. fxg5 hxg5 13. Bxg5 Ne5 14. Qd4 Be6
15. Nd2 Rc8 16. O-O-O f6 17. Be3 Nh6 18. Kb2 Nhg4 19. Bf4 Nc6 20. Qg1 Na5 21.
h3 Ne5 22. Bxe5 dxe5 23. Qe3 Qc5 24. Qf3 Kf7 25. Be2 Bxc4 26. Bxc4+ Nxc4+ 27.
Nxc4 Qxc4 28. g4 b5 29. Qd3 Qxd3 30. Rxd3 Rc4 31. Re3 b4 32. Kb3 Rxc3+ 33. Rxc3
bxc3 34. Kxc3 Rd8 35. h4 Rd4 36. Re1 Kg6 37. Kc2 a5 38. Kc3 Rb4 39. a3 Ra4 40.
Kb3 Rd4 41. Kc2 Rd7 42. Re3 Rd4 43. Re1 1/2-1/2

[Event "23rd Int. Tournament "]
[Site "?"]
[Date "2015.08.30"]
[Round "4.2"]
[White "Pountzas, Hrisanthos"]
[Black "Karagiannis, Athanasios"]
[Result "0-1"]
[ECO "A30"]
[WhiteElo "2128"]
[BlackElo "2232"]
[PlyCount "70"]
[EventDate "2015.08.27"]
[TimeControl "120+25"]
[WhiteClock "0:00:04"]
[BlackClock "0:00:13"]

1. c4 Nf6 2. Nf3 e6 3. g3 b6 4. Bg2 Bb7 5. O-O c5 6. Nc3 Be7 7. d4 cxd4 8. Qxd4
O-O 9. e4 Nc6 10. Qe3 Bc5 11. Qe2 e5 12. Bg5 h6 13. Bxf6 Qxf6 14. Rad1 d6 15.
Qd2 Ne7 16. Rfe1 Bc8 17. Nd5 Nxd5 18. cxd5 Bg4 19. Qd3 Bb4 20. Rf1 a5 21. Rc1
Bc8 22. Nd2 Ba6 23. Nc4 Rac8 24. b3 Bc5 25. Kh1 Qe7 26. Bh3 Rce8 27. Kg2 g6 28.
Rc2 f5 29. Qd2 Kg7 30. f3 fxe4 31. fxe4 Rxf1 32. Kxf1 Rf8+ 33. Ke1 Bb4 34. Rc3
Bxc4 35. bxc4 Qg5 0-1

[Event "23rd Int. Tournament "]
[Site "?"]
[Date "2015.08.30"]
[Round "4.3"]
[White "Zervos, Lazaros"]
[Black "Tsiros, Fragkiskos Vlasios"]
[Result "0-1"]
[ECO "C45"]
[WhiteElo "1986"]
[BlackElo "2216"]
[PlyCount "101"]
[EventDate "2015.08.27"]
[TimeControl "120+29"]
[WhiteClock "0:00:00"]
[BlackClock "0:00:03"]

1. e4 e5 2. Nf3 Nc6 3. d4 exd4 4. Nxd4 Qf6 5. Nb5 Bb4+ 6. N1c3 Qe5 7. Qf3 Nd4
8. Nxd4 Qxd4 9. Bd2 Qf6 10. Qg3 c6 11. O-O-O Ne7 12. f4 O-O 13. Bd3 d5 14. Rhf1
Qg6 15. Qxg6 hxg6 16. exd5 cxd5 17. Nb5 Bc5 18. Rde1 a6 19. Nc3 Be6 20. Bxg6
Nxg6 21. f5 Nh4 22. fxe6 fxe6 23. Rxf8+ Rxf8 24. Bg5 Nxg2 25. Re2 Rf5 26. h4
Nf4 27. Bxf4 Rxf4 28. Rxe6 d4 29. Re8+ Kf7 30. Re4 Rf1+ 31. Nd1 Kf6 32. Rg4 g6
33. a3 a5 34. Kd2 Rf5 35. Ke2 Rh5 36. Nf2 Kf5 37. Kf3 Be7 38. Rf4+ Ke6 39. Re4+
Kf7 40. Rxd4 Rxh4 41. Rd7 b5 42. Ng4 Ke6 43. Rb7 Rh5 44. Ra7 Rf5+ 45. Ke2 Rg5
46. Kf3 a4 47. c4 Rf5+ 48. Ke4 Bd6 49. Ne3 Re5+ 50. Kd3 Rxe3+ 51. Kd2 0-1

[Event "23rd Int. Tournament "]
[Site "?"]
[Date "2015.08.30"]
[Round "4.4"]
[White "Kapnisis, Spyridon"]
[Black "Trimitzios, Petros"]
[Result "1-0"]
[ECO "E61"]
[WhiteElo "2455"]
[BlackElo "2006"]
[PlyCount "42"]
[EventDate "2015.08.27"]
[TimeControl "120+15"]
[WhiteClock "0:00:13"]
[BlackClock "0:00:10"]

1. c4 Nf6 2. Nc3 c5 3. g3 Nc6 4. Bg2 g6 5. e3 Bg7 6. Nge2 O-O 7. O-O d6 8. b3
Bf5 9. d4 Qc8 10. Bb2 Bh3 11. d5 Bxg2 12. Kxg2 Ne5 13. f3 Rd8 14. Qd2 e6 15.
Rad1 exd5 16. Nxd5 Nxd5 17. Qxd5 Qe6 18. Bxe5 Qxe5 19. Rd3 Qe7 20. h4 Rab8 21.
h5 Qe6 1-0

[Event "23rd Int. Tournament "]
[Site "?"]
[Date "2015.08.30"]
[Round "4.5"]
[White "Korniotis, Filippos"]
[Black "Simeonidis, Ioannis"]
[Result "1-0"]
[ECO "E91"]
[WhiteElo "2006"]
[BlackElo "2266"]
[PlyCount "65"]
[EventDate "2015.08.27"]
[TimeControl "120+16"]
[WhiteClock "0:00:49"]
[BlackClock "0:00:06"]

1. d4 d6 2. Nf3 Nf6 3. c4 g6 4. Nc3 Bg7 5. e4 O-O 6. Be2 Bg4 7. Be3 Nfd7 8. Qd2
e5 9. d5 Bxf3 10. gxf3 Nf6 11. f4 exf4 12. Bxf4 Re8 13. f3 Nh5 14. Bg5 Bf6 15.
f4 Bxc3 16. bxc3 f6 17. Bh6 Rxe4 18. O-O-O Ng7 19. Bd3 Re7 20. h4 Nd7 21. h5
Nxh5 22. f5 Ne5 23. fxg6 hxg6 24. Bxg6 Nxg6 25. Rdg1 Kf7 26. Rxh5 Qd7 27. Bg7
Rg8 28. Bxf6 Ke8 29. Bxe7 Qxe7 30. Rhg5 Qf6 31. Qe3+ Kf8 32. R1g2 Qe7 33. Qf2+
1-0

[Event "23rd Int. Tournament "]
[Site "?"]
[Date "2015.08.30"]
[Round "4.6"]
[White "Alexakis, Dimitrios"]
[Black "Kostouros, Alexandros"]
[Result "1-0"]
[ECO "C47"]
[WhiteElo "2197"]
[BlackElo "2082"]
[PlyCount "83"]
[EventDate "2015.08.27"]
[TimeControl "120+16"]
[WhiteClock "0:00:14"]
[BlackClock "0:00:22"]

1. e4 e5 2. Nf3 Nf6 3. Nc3 Nc6 4. d4 exd4 5. Nxd4 Bb4 6. Nxc6 bxc6 7. Bd3 d5 8.
exd5 Nxd5 9. O-O O-O 10. Ne4 f5 11. Ng5 Be7 12. Nf3 Bf6 13. c3 Kh8 14. Qc2 Qd6
15. Re1 Rb8 16. Bd2 Nf4 17. Bf1 c5 18. Rad1 Bb7 19. Bc1 Nd5 20. c4 Nb4 21. Qb3
Qa6 22. Ne5 Bxe5 23. Rxe5 Be4 24. Qg3 Nxa2 25. Re7 Qf6 26. Bg5 Qxb2 27. Rdd7
Rbe8 28. Rxg7 Qxg7 29. Rxg7 Kxg7 30. Be7+ Kf7 31. Bxf8 Kxf8 32. Qxc7 Re7 33.
Qxc5 Nc3 34. f3 Bc2 35. Qd4 Nd1 36. c5 Bb3 37. c6 Kf7 38. h4 a5 39. Bc4+ Bxc4
40. Qxc4+ Kg6 41. Qg8+ Kf6 42. Qd8 1-0

[Event "23rd Int. Tournament "]
[Site "?"]
[Date "2015.08.30"]
[Round "4.7"]
[White "Spyropoulos, Nikolaos"]
[Black "Gazis, Efstathios"]
[Result "0-1"]
[ECO "B42"]
[WhiteElo "1993"]
[BlackElo "2146"]
[PlyCount "80"]
[EventDate "2015.08.27"]
[TimeControl "120+15"]
[WhiteClock "0:00:18"]
[BlackClock "0:00:38"]

1. e4 c5 2. Nf3 e6 3. d4 cxd4 4. Nxd4 a6 5. Bd3 Nf6 6. c4 Qc7 7. Qe2 d6 8. O-O
g6 9. Nc3 Bg7 10. Be3 O-O 11. Rac1 Nbd7 12. Rfd1 Ne5 13. f3 b6 14. Nb3 Rb8 15.
a4 Bb7 16. Nd4 Rfc8 17. b3 Qe7 18. Kh1 Nfd7 19. Bb1 Nc5 20. f4 Nc6 21. Nxc6
Bxc6 22. Bxc5 bxc5 23. Rd3 Qh4 24. g3 Qd8 25. Bc2 Qa5 26. Nd1 Rd8 27. Nf2 Bd4
28. Kg1 Re8 29. Kf1 f5 30. Rdd1 Qc7 31. Re1 Kh8 32. Rb1 Qg7 33. Qd1 Ba8 34. Re2
e5 35. exf5 Bf3 36. fxg6 Bxe2+ 37. Qxe2 exf4 38. Qh5 fxg3 39. hxg3 Rf8 40. Bf5
Rxf5 0-1

[Event "23rd Int. Tournament "]
[Site "?"]
[Date "2015.08.30"]
[Round "4.8"]
[White "Poulopoulos, Ioannis"]
[Black "Sideris, Theodoros"]
[Result "1-0"]
[ECO "A48"]
[WhiteElo "2133"]
[BlackElo "1992"]
[PlyCount "67"]
[EventDate "2015.08.27"]
[TimeControl "120+17"]
[WhiteClock "0:00:25"]
[BlackClock "0:00:14"]

1. d4 Nf6 2. Nf3 g6 3. Bg5 Bg7 4. c3 d6 5. Nbd2 O-O 6. e4 Nc6 7. Qc2 e5 8. dxe5
Nxe5 9. Nxe5 dxe5 10. Be2 Qd6 11. O-O h6 12. Bh4 Qc6 13. Rfe1 Be6 14. f3 Nh5
15. Bf1 g5 16. Bf2 a5 17. a4 Rfd8 18. Rad1 b6 19. b3 Nf4 20. Nc4 Bxc4 21. Bxc4
Bf8 22. Kh1 Qf6 23. Bd5 Rab8 24. Bc4 h5 25. Be3 Rxd1 26. Rxd1 Bd6 27. Qd2 Kg7
28. g3 Ne6 29. Rf1 Bc5 30. Bxe6 Bxe3 31. Qxe3 fxe6 32. f4 Rf8 33. f5 Qe7 34.
f6+ 1-0

[Event "23rd Int. Tournament "]
[Site "?"]
[Date "2015.08.30"]
[Round "4.9"]
[White "Kouskoutis, Georgios-Alexandro"]
[Black "Alexakis, Georgios"]
[Result "1-0"]
[ECO "B33"]
[WhiteElo "2128"]
[BlackElo "1907"]
[PlyCount "73"]
[EventDate "2015.08.27"]
[TimeControl "120+16"]
[WhiteClock "0:00:07"]
[BlackClock "0:00:44"]

1. e4 c5 2. Nf3 e6 3. d4 cxd4 4. Nxd4 Nc6 5. Nc3 Nf6 6. Ndb5 d6 7. Bf4 e5 8.
Bg5 a6 9. Na3 b5 10. Nd5 Be7 11. Bxf6 Bxf6 12. c3 Ne7 13. Nxe7 Kxe7 14. g3 Bb7
15. Bg2 Qb6 16. Nc2 Rhd8 17. O-O Kf8 18. Kh1 Kg8 19. h4 Rac8 20. Ne3 g6 21. Qb3
Bg7 22. Rae1 Rc5 23. f4 Qc7 24. f5 a5 25. a3 a4 26. Qd1 h5 27. fxg6 fxg6 28.
Nd5 Bxd5 29. exd5 Qe7 30. Bh3 Bf6 31. Be6+ Kg7 32. Re4 Rf8 33. Kg2 Re8 34. g4
Qb7 35. Qf3 Rf8 36. gxh5 gxh5 37. Qxh5 1-0

[Event "23rd Int. Tournament "]
[Site "?"]
[Date "2015.08.30"]
[Round "4.10"]
[White "Kalodoukas, Odysseas"]
[Black "Pandelidis, Ioannis"]
[Result "1/2-1/2"]
[ECO "E32"]
[WhiteElo "1907"]
[BlackElo "2114"]
[PlyCount "71"]
[EventDate "2015.08.27"]
[TimeControl "120+31"]
[WhiteClock "0:00:03"]
[BlackClock "0:00:03"]

1. d4 Nf6 2. c4 e6 3. Nc3 Bb4 4. Qc2 O-O 5. a3 Bxc3+ 6. Qxc3 Qe8 7. f3 d6 8. e4
Nfd7 9. Be3 e5 10. g4 exd4 11. Bxd4 Ne5 12. Ne2 Nbc6 13. Bf2 Ng6 14. O-O-O Qe5
15. h4 Be6 16. Qc2 Qf6 17. Qc3 Nge5 18. f4 Nxg4 19. Qxf6 Nxf6 20. Nc3 Bg4 21.
Re1 Rfe8 22. Bg2 Na5 23. c5 dxc5 24. e5 Nh5 25. Be3 c6 26. Ne4 b6 27. Nd6 Red8
28. b4 cxb4 29. axb4 Ng3 30. Rh2 Ne2+ 31. Kc2 Rxd6 32. exd6 Nc4 33. Kd3 Nb2+
34. Kc2 Nc4 35. Kd3 Nb2+ 36. Kc2 1/2-1/2

[Event "23rd Int. Tournament "]
[Site "?"]
[Date "2015.08.30"]
[Round "4.11"]
[White "Nikolaou, Spiridon"]
[Black "Papadopoulos, Georgios Nikea"]
[Result "1-0"]
[ECO "D53"]
[WhiteElo "2096"]
[BlackElo "1830"]
[PlyCount "91"]
[EventDate "2015.08.27"]
[TimeControl "120+14"]
[WhiteClock "0:01:20"]
[BlackClock "0:00:52"]

1. d4 Nf6 2. c4 e6 3. Nf3 d5 4. Nc3 Be7 5. Qc2 O-O 6. Bg5 h6 7. Bxf6 Bxf6 8.
O-O-O c5 9. dxc5 Qa5 10. cxd5 Bxc3 11. Qxc3 Qxc3+ 12. bxc3 exd5 13. Rxd5 Be6
14. Rd2 Rc8 15. Nd4 Bd7 16. g3 Rxc5 17. Kb2 Na6 18. Nb3 Rc7 19. Bg2 Be6 20.
Rhd1 Nc5 21. Rd8+ Rxd8 22. Rxd8+ Kh7 23. Nxc5 Rxc5 24. Be4+ Bf5 25. Rd5 Rxd5
26. Bxd5 Kg6 27. Bxb7 Kf6 28. Kb3 Ke5 29. Kb4 Kd6 30. c4 Bg4 31. e4 Be2 32. c5+
Kc7 33. Bd5 f6 34. f4 Bf3 35. Kc4 Be2+ 36. Kd4 Bb5 37. h4 Bd7 38. f5 Be8 39. g4
Ba4 40. e5 fxe5+ 41. Kxe5 Kd7 42. g5 hxg5 43. hxg5 Ke7 44. f6+ gxf6+ 45. gxf6+
Ke8 46. Kd6 1-0

[Event "23rd Int. Tournament "]
[Site "?"]
[Date "2015.08.30"]
[Round "4.12"]
[White "Kotrotsos, Vasilios"]
[Black "Karakatsanis, Nikolaos"]
[Result "1-0"]
[ECO "A52"]
[WhiteElo "2273"]
[BlackElo "1919"]
[PlyCount "33"]
[EventDate "2015.08.27"]
[TimeControl "120+13"]
[WhiteClock "0:01:04"]
[BlackClock "0:01:21"]

1. d4 Nf6 2. c4 e5 3. dxe5 Ng4 4. e4 Nxe5 5. f4 Ng6 6. Be3 Nc6 7. Nf3 Bb4+ 8.
Nc3 d6 9. Bd3 Ba5 10. Qd2 Bb6 11. Nd5 Bxe3 12. Qxe3 O-O 13. O-O-O f5 14. exf5
Bxf5 15. Bxf5 Rxf5 16. Qe6+ Rf7 17. Ng5 1-0

[Event "23rd Int. Tournament "]
[Site "?"]
[Date "2015.08.31"]
[Round "5.1"]
[White "Karagiannis, Athanasios"]
[Black "Tsiros, Fragkiskos Vlasios"]
[Result "1/2-1/2"]
[ECO "A46"]
[WhiteElo "2232"]
[BlackElo "2216"]
[PlyCount "120"]
[EventDate "2015.08.27"]
[TimeControl "120+11"]
[WhiteClock "0:00:32"]
[BlackClock "0:00:05"]

1. Nf3 d6 2. d4 Nf6 3. g3 Bf5 4. Bg2 g6 5. Nc3 c6 6. O-O Bg7 7. Nh4 Bc8 8. e4
O-O 9. h3 e5 10. Nf3 Qc7 11. a4 b6 12. Be3 exd4 13. Nxd4 Bb7 14. Qd2 Nbd7 15.
Bh6 Rfe8 16. Bxg7 Kxg7 17. Rad1 a6 18. Nde2 b5 19. Qxd6 Qxd6 20. Rxd6 b4 21.
Na2 Nc5 22. f3 b3 23. cxb3 Nxb3 24. Nac3 a5 25. Rfd1 Rec8 26. f4 Ne8 27. Rd7
Nc5 28. R7d2 Ba6 29. Nd4 Bc4 30. e5 Ra6 31. Ne4 Nxe4 32. Bxe4 Rb6 33. Rc1 Ba6
34. Rxc6 Rcxc6 35. Bxc6 Nc7 36. h4 Bc8 37. Bb5 Ba6 38. Bd7 Bb7 39. Bb5 Ba6 40.
Bxa6 Nxa6 41. b3 Rb4 42. Kg2 Nc5 43. Rc2 Nxa4 44. Ne6+ fxe6 45. Rc7+ Kf8 46.
bxa4 h5 47. Rc3 Rxa4 48. Kf3 Rb4 49. g4 a4 50. Rc8+ Kf7 51. Rc7+ Kf8 52. gxh5
gxh5 53. Ra7 Rb3+ 54. Ke4 Rb4+ 55. Ke3 Rb3+ 56. Kd4 Rb4+ 57. Kc5 Rxf4 58. Kd6
Rxh4 59. Kxe6 Re4 60. Kf5 Rb4 1/2-1/2

[Event "23rd Int. Tournament "]
[Site "?"]
[Date "2015.08.31"]
[Round "5.2"]
[White "Gazis, Efstathios"]
[Black "Kapnisis, Spyridon"]
[Result "1-0"]
[ECO "B30"]
[WhiteElo "2146"]
[BlackElo "2455"]
[PlyCount "77"]
[EventDate "2015.08.27"]
[TimeControl "120+482"]
[WhiteClock "0:00:18"]
[BlackClock "0:00:00"]

1. e4 c5 2. Nf3 Nc6 3. Nc3 g6 4. Bb5 Bg7 5. Bxc6 bxc6 6. d3 d6 7. h3 e5 8. Qe2
Nh6 9. b3 f5 10. Bb2 Nf7 11. O-O-O Qe7 12. Kb1 Nd8 13. Nd2 f4 14. Na4 Ne6 15.
Nf3 O-O 16. c3 Ba6 17. c4 Bc8 18. Qd2 Qd8 19. Bc3 Rf7 20. Ba5 Qf8 21. Bc3 Bf6
22. Rc1 Bd8 23. Ka1 Rb8 24. Rb1 Bd7 25. Rhc1 g5 26. Ne1 f3 27. Nxf3 Rxf3 28.
gxf3 Nf4 29. Rg1 Nxh3 30. Rg3 h5 31. Rh1 Nf4 32. Nxc5 dxc5 33. Bxe5 Ne6 34.
Rxh5 Bf6 35. Rgxg5+ Nxg5 36. Rxg5+ Kh7 37. Qf4 Bxg5 38. Qxg5 Be6 39. Qh5+ 1-0

[Event "23rd Int. Tournament "]
[Site "?"]
[Date "2015.08.31"]
[Round "5.3"]
[White "Nikolaou, Georgios"]
[Black "Poulopoulos, Ioannis"]
[Result "1/2-1/2"]
[ECO "E69"]
[WhiteElo "2317"]
[BlackElo "2133"]
[PlyCount "95"]
[EventDate "2015.08.27"]
[TimeControl "120+10"]
[WhiteClock "0:00:03"]
[BlackClock "0:00:15"]

1. d4 Nf6 2. c4 g6 3. Nf3 Bg7 4. g3 O-O 5. Bg2 d6 6. O-O Nbd7 7. Nc3 c6 8. e4
e5 9. h3 Qa5 10. Re1 exd4 11. Nxd4 Ne5 12. Bf1 Re8 13. Be3 c5 14. Nb3 Qb4 15.
a3 Qb6 16. Nd2 a6 17. Rb1 Qd8 18. Qc2 Nc6 19. Nf3 Nd7 20. Bg5 Nd4 21. Nxd4 Qxg5
22. Nf3 Qd8 23. Rbd1 Ne5 24. Nxe5 Bxe5 25. Rd2 g5 26. Nd5 Be6 27. Qd1 Bxd5 28.
exd5 f5 29. Bd3 Qf6 30. Qh5 Qg6 31. Qf3 Rf8 32. g4 fxg4 33. Qxf8+ Rxf8 34. Bxg6
hxg6 35. hxg4 Rf4 36. Kf1 Kf7 37. Rc2 Rxg4 38. a4 b5 39. axb5 axb5 40. b3 bxc4
41. bxc4 Rh4 42. Re3 g4 43. Kg2 Rh2+ 44. Kg1 Rh4 45. Re4 g5 46. Ra2 Kf6 47. Ra8
Kf5 48. Re2 1/2-1/2